ESL (28 & UNDER)
MT PLEASANT BEARCATS @ SPRINGFIELD SIMPSONS
09/23/2027
 
TOP OF THE 1ST
Mt Pleasant Bearcats batting - Pitching for Springfield Simpsons : LHP Ben Couch
Pitching: LHP Ben Couch
Batting: RHB Ben Barker 0-0: SOLO HOME RUN (Flyball, 78XD), Distance : 398 ft
Batting: RHB Carlos López 0-0: Ground out 6-3 (Groundball, 6)
Batting: RHB Pat Fernández 0-0: Ball
1-0: Ball
2-0: Ball
3-0: Base on Balls
Batting: RHB Jeffrey Hicks 0-0: Foul Ball, location: 2F
0-1: Foul Ball, location: 2F
0-2: Ball
1-2: Grounds into double play, 3-6-3 (Groundball, 34)
Top of the 1st over - 1 run(s), 1 hit(s), 0 error(s), 0 left on base; Mt Pleasant 1 - Springfield 0
BOTTOM OF THE 1ST
Springfield Simpsons batting - Pitching for Mt Pleasant Bearcats : LHP Ed Stevens
Pitching: LHP Ed Stevens
Batting: LHB Raúl Morales 0-0: Ball
1-0: Foul Ball, location: 2F
1-1: Called Strike
1-2: Strikes out swinging
Batting: RHB Taylor Justice 0-0: Foul Ball, location: 2F
0-1: Swinging Strike
0-2: Ball
1-2: Strikes out swinging
Batting: RHB Marcos Castillo 0-0: Called Strike
0-1: Called Strike
0-2: Ball
1-2: Ball
2-2: SINGLE (Line Drive, 6MD)
Batting: LHB Mitchell Oglethorpe 0-0: Called Strike
0-1: Called Strike
0-2: Strikes out swinging
Bottom of the 1st over - 0 run(s), 1 hit(s), 0 error(s), 1 left on base; Mt Pleasant 1 - Springfield 0
TOP OF THE 2ND
Mt Pleasant Bearcats batting - Pitching for Springfield Simpsons : LHP Ben Couch
Batting: RHB Chris Burrell 0-0: Ball
1-0: Ball
2-0: Ball
3-0: Called Strike
3-1: Foul Ball, location: 2F
3-2: Foul Ball, location: 2F
3-2: Base on Balls
Batting: RHB Tom Hicks 0-0: Ball
1-0: Called Strike
1-1: Foul Ball, location: 2F
1-2: Foul Ball, location: 2F
1-2: Strikes out looking
Batting: RHB Juan Trujillo 0-0: Called Strike
0-1: Swinging Strike
0-2: Ground out 5-3 (Groundball, 56S)
Chris Burrell to second
Batting: RHB Nicoli Turina 0-0: Foul Ball, location: 2F
0-1: Ball
1-1: Ball
2-1: DOUBLE (Flyball, 78D)
Chris Burrell scores
Batting: RHB Martín Pérez 0-0: Ball
1-0: Ball
2-0: Ball
3-0: Called Strike
3-1: Base on Balls
Batting: RHB Ben Barker 0-0: Ball
1-0: Called Strike
1-1: Ground out 5-3 (Groundball, 56S)
Top of the 2nd over - 1 run(s), 1 hit(s), 0 error(s), 2 left on base; Mt Pleasant 2 - Springfield 0
BOTTOM OF THE 2ND
Springfield Simpsons batting - Pitching for Mt Pleasant Bearcats : LHP Ed Stevens
Batting: RHB José Velázquez 0-0: SINGLE (Line Drive, 34)
Batting: RHB Bob Carr 0-0: Foul Ball, location: 2F
0-1: Ball
1-1: Ground out 6-3 (Groundball, 6S)
José Velázquez to second
Batting: RHB Greg Carpenter 0-0: Foul Ball, location: 2F
0-1: SINGLE (Line Drive, 9S)
José Velázquez to third
Batting: RHB Tomás Galindo 0-0: Called Strike
0-1: Called Strike
0-2: DOUBLE (Line Drive, 7D)
José Velázquez scores
Greg Carpenter to third
Batting: LHB Simão Polido 0-0: Ball
1-0: Foul Ball, location: 2F
1-1: Ball
2-1: Swinging Strike
2-2: Ball
3-2: Strikes out swinging
Batting: LHB Raúl Morales 0-0: Foul Ball, location: 2F
0-1: Ball
1-1: Foul Ball, location: 2F
1-2: Foul Ball, location: 2F
1-2: TRIPLE (Flyball, 78D)
Greg Carpenter scores
Tomás Galindo scores
Batting: RHB Taylor Justice 0-0: Fly out, F4 (Flyball, 34D)
Bottom of the 2nd over - 3 run(s), 4 hit(s), 0 error(s), 1 left on base; Mt Pleasant 2 - Springfield 3
TOP OF THE 3RD
Mt Pleasant Bearcats batting - Pitching for Springfield Simpsons : LHP Ben Couch
Batting: RHB Carlos López 0-0: Called Strike
0-1: Called Strike
0-2: Strikes out looking
Batting: RHB Pat Fernández 0-0: Ball
1-0: Called Strike
1-1: SINGLE (Line Drive, 8LS)
Batting: RHB Jeffrey Hicks 0-0: Foul Ball, location: 2F
0-1: Foul Ball, location: 2F
0-2: SINGLE (Groundball, 56D)
Pat Fernández to second
Batting: RHB Chris Burrell 0-0: Ball
1-0: Ball
2-0: Ball
3-0: Called Strike
3-1: Called Strike
3-2: Foul Ball, location: 2F
3-2: Foul Ball, location: 2F
3-2: Strikes out swinging
Batting: RHB Tom Hicks 0-0: Ball
1-0: SINGLE (Groundball, 34D)
Pat Fernández to third
Jeffrey Hicks to second
Runner from 3rd tries for Home, SAFE, no throw
Batting: RHB Juan Trujillo 0-0: Ground out 5-3 (Groundball, 56)
Top of the 3rd over - 1 run(s), 3 hit(s), 0 error(s), 2 left on base; Mt Pleasant 3 - Springfield 3
BOTTOM OF THE 3RD
Springfield Simpsons batting - Pitching for Mt Pleasant Bearcats : LHP Ed Stevens
Batting: RHB Marcos Castillo 0-0: Ball
1-0: SINGLE (Flyball, 78S)
Batting: LHB Mitchell Oglethorpe 0-0: Ball
1-0: SINGLE (Flyball, 5D)
Marcos Castillo to second
Batting: RHB José Velázquez 0-0: Ball
1-0: Called Strike
1-1: Ball
2-1: Foul Ball, location: 2F
2-2: Fly out, F2 (Popup, 3S)
Batting: RHB Bob Carr 0-0: Swinging Strike
0-1: Called Strike
0-2: Fly out, F9 (Flyball, 89S)
Batting: RHB Greg Carpenter 0-0: Swinging Strike
0-1: Foul Ball, location: 2F
0-2: Ball
1-2: Fly out, F8 (Flyball, 78S)
Bottom of the 3rd over - 0 run(s), 2 hit(s), 0 error(s), 2 left on base; Mt Pleasant 3 - Springfield 3
TOP OF THE 4TH
Mt Pleasant Bearcats batting - Pitching for Springfield Simpsons : LHP Ben Couch
Batting: RHB Nicoli Turina 0-0: Fly out, F9 (Flyball, 9)
Batting: RHB Martín Pérez 0-0: Called Strike
0-1: Ball
1-1: Ball
2-1: Foul Ball, location: 2F
2-2: Foul Ball, location: 2F
2-2: Ball
3-2: Ground out 1-3 (Groundball, P)
Batting: RHB Ben Barker 0-0: Foul Ball, location: 2F
0-1: Ball
1-1: Ball
2-1: Ball
3-1: Base on Balls
Batting: RHB Carlos López 0-0: Foul Ball, location: 2F
0-1: Foul Ball, location: 2F
0-2: Ball
1-2: SINGLE (Line Drive, 5D)
Ben Barker to second
Batting: RHB Pat Fernández 0-0: Ball
1-0: Fly out, F9 (Flyball, 89M)
Top of the 4th over - 0 run(s), 1 hit(s), 0 error(s), 2 left on base; Mt Pleasant 3 - Springfield 3
BOTTOM OF THE 4TH
Springfield Simpsons batting - Pitching for Mt Pleasant Bearcats : LHP Ed Stevens
Batting: RHB Tomás Galindo 0-0: Ball
1-0: Ball
2-0: Foul Ball, location: 2F
2-1: DOUBLE (Line Drive, 7LM)
Batting: LHB Simão Polido 0-0: Called Strike
0-1: Foul Ball, location: 2F
0-2: Ball
1-2: SINGLE (Groundball, 34D)
Tomás Galindo to third
Runner from 3rd tries for Home, SAFE, no throw
Batting: LHB Raúl Morales 0-0: Called Strike
0-1: Foul Ball, location: 2F
0-2: Grounds into double play, 4-6-3 (Groundball, 34)
Batting: RHB Taylor Justice 0-0: Ground out 4-3 (Groundball, 4)
Bottom of the 4th over - 1 run(s), 2 hit(s), 0 error(s), 0 left on base; Mt Pleasant 3 - Springfield 4
TOP OF THE 5TH
Mt Pleasant Bearcats batting - Pitching for Springfield Simpsons : LHP Ben Couch
Batting: RHB Jeffrey Hicks 0-0: Ball
1-0: SOLO HOME RUN (Flyball, 7LD), Distance : 378 ft
Batting: RHB Chris Burrell 0-0: Ball
1-0: Called Strike
1-1: Called Strike
1-2: Foul Ball, location: 2F
1-2: Ball
2-2: Ground out 5-3 (Groundball, 5)
Pitching: RHP Ramón Sánchez
Batting: RHB Tom Hicks 0-0: Called Strike
0-1: Swinging Strike
0-2: Strikes out swinging
Batting: RHB Juan Trujillo 0-0: Swinging Strike
0-1: Foul Ball, location: 2F
0-2: SINGLE (Groundball, 56D)
Batting: RHB Nicoli Turina 0-0: Ball
1-0: Foul Ball, location: 2F
1-1: Swinging Strike
1-2: Ball
2-2: Ground out 1-3 (Groundball, 13S)
Top of the 5th over - 1 run(s), 2 hit(s), 0 error(s), 1 left on base; Mt Pleasant 4 - Springfield 4
BOTTOM OF THE 5TH
Springfield Simpsons batting - Pitching for Mt Pleasant Bearcats : LHP Ed Stevens
Batting: RHB Marcos Castillo 0-0: Ball
1-0: Ball
2-0: DOUBLE (Line Drive, 7LS)
Batting: LHB Mitchell Oglethorpe 0-0: Called Strike
0-1: Ball
1-1: Ball
2-1: Foul Ball, location: 2F
2-2: Ball
3-2: Base on Balls
Batting: RHB José Velázquez 0-0: Ball
1-0: Grounds into double play, 5-4-3 (Groundball, 56D)
Marcos Castillo to third
Batting: RHB Bob Carr 0-0: SINGLE (Line Drive, 5)
Marcos Castillo scores
Batting: RHB Greg Carpenter Balk!
Bob Carr to second
0-0: Foul Ball, location: 2F
0-1: Foul Ball, location: 2F
0-2: Foul Ball, location: 2F
0-2: Ball
1-2: Strikes out looking
Bottom of the 5th over - 1 run(s), 2 hit(s), 0 error(s), 1 left on base; Mt Pleasant 4 - Springfield 5
TOP OF THE 6TH
Mt Pleasant Bearcats batting - Pitching for Springfield Simpsons : RHP Ramón Sánchez
Batting: RHB Martín Pérez 0-0: Called Strike
0-1: Called Strike
0-2: SINGLE (Groundball, 56S) (infield hit)
Batting: RHB Ben Barker 0-0: Ball
1-0: Called Strike
1-1: Ball
2-1: Swinging Strike
2-2: Foul Ball, location: 2F
2-2: Foul Ball, location: 2F
2-2: Foul Ball, location: 2F
2-2: Strikes out swinging
Batting: RHB Carlos López 0-0: Called Strike
0-1: Swinging Strike
0-2: Strikes out looking
Martín Pérez steals 2nd base
Batter strikes out.
Batting: RHB Pat Fernández 0-0: Called Strike
0-1: SINGLE (Line Drive, 78S)
Martín Pérez to third
Batting: RHB Jeffrey Hicks 0-0: Called Strike
0-1: Ball
1-1: Swinging Strike
1-2: Strikes out swinging
Top of the 6th over - 0 run(s), 2 hit(s), 0 error(s), 2 left on base; Mt Pleasant 4 - Springfield 5
BOTTOM OF THE 6TH
Springfield Simpsons batting - Pitching for Mt Pleasant Bearcats : LHP Ed Stevens
Batting: RHB Tomás Galindo 0-0: Swinging Strike
0-1: Foul Ball, location: 2F
0-2: Ball
1-2: Fly out, F8 (Flyball, 8LM)
Batting: LHB Simão Polido 0-0: Ball
1-0: Called Strike
1-1: Ball
2-1: Ground out 6-3 (Groundball, 6)
Batting: LHB Raúl Morales 0-0: Ball
1-0: Foul Ball, location: 2F
1-1: Ball
2-1: Foul Ball, location: 2F
2-2: SINGLE (Groundball, 56S) (infield hit)
Pitching: LHP Bob Quested
Batting: RHB Taylor Justice 0-0: Ball
1-0: Foul Ball, location: 2F
1-1: Swinging Strike
1-2: Ball
Pickoff Throw to First - Out!
Bottom of the 6th over - 0 run(s), 1 hit(s), 0 error(s), 0 left on base; Mt Pleasant 4 - Springfield 5
TOP OF THE 7TH
Mt Pleasant Bearcats batting - Pitching for Springfield Simpsons : RHP Ramón Sánchez
Batting: RHB Chris Burrell 0-0: DOUBLE (Line Drive, 78D)
Pinch Hitting: LHB Colm Massey 0-0: Ground out 4-3 (Groundball, 4)
Chris Burrell to third
Pinch Hitting: RHB Jaime Hernández 0-0: Fly out, F5 (Popup, 5S)
Batting: RHB Nicoli Turina 0-0: Ball
1-0: SINGLE (Line Drive, 56D)
Chris Burrell scores
Pinch Hitting: LHB Ramiro Muñóz 0-0: Called Strike
0-1: Called Strike
0-2: Ground out 6-3 (Groundball, 6M)
Top of the 7th over - 1 run(s), 2 hit(s), 0 error(s), 1 left on base; Mt Pleasant 5 - Springfield 5
BOTTOM OF THE 7TH
Springfield Simpsons batting - Pitching for Mt Pleasant Bearcats : LHP Bob Quested
Now at 2B: Colm Massey
Now at 3B: Ramiro Muñóz
Now in LF: Jaime Hernández
Batting: RHB Taylor Justice 0-0: Ball
1-0: Foul Ball, location: 2F
1-1: Called Strike
1-2: Strikes out swinging
Batting: RHB Marcos Castillo 0-0: Ground out 4-3 (Groundball, 4)
Batting: LHB Mitchell Oglethorpe 0-0: Foul Ball, location: 2F
0-1: Ball
1-1: Ball
2-1: Swinging Strike
2-2: Foul Ball, location: 2F
2-2: Ground out 6-3 (Groundball, 6)
Bottom of the 7th over - 0 run(s), 0 hit(s), 0 error(s), 0 left on base; Mt Pleasant 5 - Springfield 5
TOP OF THE 8TH
Mt Pleasant Bearcats batting - Pitching for Springfield Simpsons : RHP Ramón Sánchez
Batting: RHB Ben Barker 0-0: Ball
1-0: Called Strike
1-1: Swinging Strike
1-2: Strikes out swinging
Pitching: LHP Justin Short
Batting: RHB Carlos López 0-0: Ball
1-0: Fly out, F7 (Flyball, 7)
Batting: RHB Pat Fernández 0-0: Fly out, F4 (Popup, 4)
Top of the 8th over - 0 run(s), 0 hit(s), 0 error(s), 0 left on base; Mt Pleasant 5 - Springfield 5
BOTTOM OF THE 8TH
Springfield Simpsons batting - Pitching for Mt Pleasant Bearcats : LHP Bob Quested
Batting: RHB José Velázquez 0-0: SINGLE (Groundball, 4) (infield hit)
Pinch Runner at 1st Ramón Padilla:
Batting: RHB Bob Carr 0-0: Sac Bunt - play at first, batter OUT! 2-4
Ramón Padilla to second
Pinch Hitting: RHB Esteban Salas 0-0: Swinging Strike
0-1: Ball
1-1: SINGLE (Line Drive, 4D)
Ramón Padilla to third
Batting: RHB Tomás Galindo 0-0: Called Strike
0-1: Ball
1-1: Ball
2-1: Swinging Strike
2-2: SINGLE (Groundball, 56D)
Ramón Padilla scores
Esteban Salas to second
Pinch Hitting: RHB Gustavo Rodríguez 0-0: Called Strike
0-1: Ball
1-1: Swinging Strike
1-2: Ball
2-2: Ball
3-2: Fly out, F8 (Flyball, 8LD)
Runner from 2nd tags up, SAFE at 3rd, no throw
Batting: LHB Raúl Morales 0-0: Called Strike
0-1: Ball
1-1: Swinging Strike
1-2: Foul Ball, location: 2F
1-2: Strikes out swinging
Bottom of the 8th over - 1 run(s), 3 hit(s), 0 error(s), 2 left on base; Mt Pleasant 5 - Springfield 6
TOP OF THE 9TH
Mt Pleasant Bearcats batting - Pitching for Springfield Simpsons : LHP Justin Short
Pitching: RHP Arthur López
Now at 2B: Ramón Padilla
Now in CF: Carlos De La Rosa
Now in RF: Gustavo Rodríguez
Batting: RHB Jeffrey Hicks 0-0: Called Strike
0-1: Swinging Strike
0-2: Foul Ball, location: 2F
0-2: Foul Ball, location: 2F
0-2: SINGLE (Groundball, 6MD)
Batting: RHB Chris Burrell 0-0: Ball
1-0: Foul Ball, location: 2F
1-1: SINGLE (Line Drive, 34)
Jeffrey Hicks to second
Batting: LHB Colm Massey 0-0: Foul Ball, location: 2F
0-1: Foul Ball, location: 2F
0-2: Ball
1-2: Ball
2-2: Ball
3-2: Base on Balls
Jeffrey Hicks to third
Chris Burrell to second
Batting: RHB Jaime Hernández 0-0: Swinging Strike
0-1: Swinging Strike
0-2: Grounds into fielders choice 6-2 (Groundball, 56)
Chris Burrell to third
Colm Massey to second
Pinch Hitting: RHB Chris Jones 0-0: Foul Ball, location: 2F
0-1: Ball
1-1: Foul Ball, location: 2F
1-2: Ball
2-2: Strikes out looking
Batting: LHB Ramiro Muñóz 0-0: Called Strike
0-1: Swinging Strike
0-2: Ball
1-2: Ball
2-2: Strikes out swinging
Top of the 9th over - 0 run(s), 2 hit(s), 0 error(s), 3 left on base; Mt Pleasant 5 - Springfield 6
Thursday, March 30th, 2017 - OOTP Baseball 17.12 Build 75